 Dungeon Crawl Stone Soup version 0.24.1 (webtiles) character file.

Game seed: 18306764474130022436, levelgen mode: deterministic

35 Descartes the Grasshopper (level 3, 0/16 HPs)
             Began as a Felid Warper on Mar 24, 2020.
             Slain by an adder (5 damage)
             ... on level 1 of the Dungeon.
             The game lasted 00:03:04 (1598 turns).

Descartes the Grasshopper (Felid Warper)            Turns: 1598, Time: 00:03:05

Health: 0/16       AC:  1    Str:  8    XL:     3   Next: 17%
Magic:  6/7        EV: 19    Int: 14    God:
Gold:   41         SH:  0    Dex: 20    Spells: 2/6 levels left
                                        Lives:  0   Deaths: 0

rFire    . . .     SeeInvis +     - Unarmed
rCold    . . .     Gourm    .   (shield unavailable)
rNeg     . . .     Faith    .   (armour unavailable)
rPois    .         Spirit   .   (helmet unavailable)
rElec    .         Reflect  .   (cloak unavailable)
rCorr    .         Harm     .   (gloves unavailable)
MR       .....                  (boots unavailable)
Stlth    +++.......             (no amulet)
HPRegen  0.05/turn              e - +5 ring of dexterity
MPRegen  0.10/turn              (no ring)

@: lethally poisoned (0 -> -4), quick
A: very small, no armour, no weapons or thrown items, stealth, claws 1, fangs 3,
see invisible, carnivore, speed 1, shaggy fur 1, slow metabolism 1, sharp paws
a: no special abilities


You were on level 1 of the Dungeon.
You were completely stuffed.

You visited 1 branch of the dungeon, and saw 2 of its levels.

You collected 41 gold pieces.

Inventory:

Missiles
 k - 12 stones
Jewellery
 e - a +5 ring of dexterity (left paw)
 h - an uncursed ring of fire {unknown}
Scrolls
 b - a scroll of blinking
 g - a scroll of identify {unknown}
Potions
 a - 2 potions of might {unknown}
 d - a potion of resistance {unknown}
 f - 2 potions of agility {unknown}
 j - a potion of mutation {unknown}
Comestibles
 c - 6 rations
 i - 5 chunks of flesh


   Skills:
 + Level 2.2 Fighting
 + Level 3.4 Dodging
 * Level 2.1 Stealth
 * Level 2.5 Unarmed Combat
 - Level 2.0 Spellcasting
 + Level 0.6 Charms
 + Level 4.6 Translocations


You had 2 spell levels left.
You knew the following spells:

 Your Spells              Type           Power        Failure   Level  Hunger
a - Blink                 Tloc           N/A          5%          2    ###....
b - Shroud of Golubria    Chrm/Tloc      #.....       12%         2    ###....

Your spell library contained the following spells:

 Spells                   Type           Power        Failure   Level  Hunger
 Gell's Gravitas          Tloc           ##........   11%         3    ####...
 Lesser Beckoning         Tloc           ##........   11%         3    ####...
 Teleport Other           Tloc           ##......     11%         3    ####...
 Passage of Golubria      Tloc           N/A          34%         4    #####..


Dungeon Overview and Level Annotations

Branches:
Dungeon (2/15)

Altars:


Innate Abilities, Weirdness & Mutations

You cannot wear armour.
You are incapable of wielding weapons or throwing items.
Your paws allow you to move quietly. (Stealth)
You have sharp claws.
You have razor-sharp teeth.
You have supernaturally acute eyesight. (SInv)
You are carnivorous and can eat meat at any time.
You cover ground quickly.
You are covered in fur. (AC +1)
You have a slow metabolism.
Your sharp claws are effective at attacking unaware monsters.


Message History

The adder barely misses you.
You miss the adder.
The adder is lightly wounded.
The adder barely misses you. The adder misses you.
You climb upwards.
There is a stone staircase leading down here.
You scratch the adder.
The adder is severely wounded.
The adder misses you. The adder bites you.
You are poisoned.
The adder poisons you!
You feel sick.
You barely miss the adder. You bite the adder, but do no damage.
The adder is severely wounded.
The adder completely misses you.
You miss the adder.
The adder is severely wounded.
The adder bites you.
You die...

#.#.#######..#.#.....#.##.#
#.#............#.#.....##.#
#.#.#######....#.#.#.####.#
#.#.#..........#.#.#..# #.#
#.#.#.#######..#...#.[# #.#
#.#.#............#....###.##
#.#.#.#######.##.#.#..#....#
#................S.#..#.####
#.###########.#.@#.#..#.#
#.# #.........#..#.#..#.#
#.# #.#########..#.####.####
#.###......................#
#.##............##.#########
#..>...............#
#.##..)............#
#.##..###########.##
#.##..#.....# #.#


You could see an adder.

Vanquished Creatures
  A worm (D:2)
  A dart slug (D:2)
  2 bats
  4 goblins (D:1)
  4 hobgoblins (D:1)
  4 kobolds
  A ball python (D:1)
  11 frilled lizards
  3 rats
31 creatures vanquished.

Notes
Turn   | Place    | Note
-------+----------+-------------------------------------------
     0 | D:1      | Descartes the Felid Warper began the quest for the Orb.
     0 | D:1      | Reached XP level 1. HP: 9/9 MP: 4/4
   315 | D:1      | Reached skill level 1 in Stealth
   731 | D:1      | Reached XP level 2. HP: 13/13 MP: 6/6
   747 | D:1      | Learned a level 2 spell: Blink
   750 | D:1      | Learned a level 2 spell: Shroud of Golubria
  1425 | D:2      | Reached XP level 3. HP: 12/16 MP: 7/7
  1598 | D:1      | Slain by an adder

Levels and vault maps discovered:
D:1:      eino_arrival_cavern_e, layout_basic, serial_glass, glass_columns_a,
          glass_columns_a, minmay_lizard_pond
D:2:      layout_basic, uniq_crazy_yiuf_cottage, uniq_jessica, uniq_robin

Skill      XL: |  1  2 |
---------------+-------+-----
Stealth        | 1 2 |  2.1
Fighting       | |  2.2
Dodging        | |  3.4
Unarmed Combat | |  2.5
Spellcasting   | |  2.0
Charms         | |  0.6
Translocations | |  4.6

Action                   || total
-------------------------++-------
Melee: Unarmed           ||    96
       Bite              ||     7
 Cast: Shroud of Golubri ||     1
 Stab: Sleeping          ||     8
  Eat: Chunk             ||     9
Armor: Skin              ||     6
Dodge: Dodged            ||    75
